 Dungeon Crawl Stone Soup version 0.28-a0-1117-g0bdd5ba030 (webtiles) character file.

Game seed: 10940418628654534638

2059 spaghetti the Chucker (level 9, -10/63 HPs)
             Began as a Mummy Berserker on Dec 12, 2021.
             Was a Priest of Trog.
             Mangled by Duvessa (13 damage)
             ... on level 6 of the Dungeon.
             The game lasted 00:15:47 (7511 turns).

spaghetti the Chucker (Mummy Berserker)             Turns: 7511, Time: 00:15:48

Health: -10/63     AC: 29    Str: 24    XL:     9   Next: 5%
Magic:  9/9        EV:  4    Int: 10    God:    Trog [***...]
Gold:   244        SH:  0    Dex: 11    Spells: 8/8 levels left

rFire   x . .      SeeInvis .   B - +2 whip (elec) {mace}
rCold   + . .      Faith    .   (no shield)
rNeg    + + +      Spirit   .   w - +8 orange crystal plate armour {Archmagi, Int+3 Clar, rare=g}
rPois   ∞          Reflect  .   i - +1 helmet
rElec   .          Harm     .   r - +0 cloak
rCorr   .          Rampage  .   (no gloves)
Will    +++..      Archmagi +   (no boots)
Stlth   .......... Clarity  +   (no amulet)
HPRegen 1.20/turn               (no ring)
MPRegen 0.11/turn               (no ring)

@: strong-willed, regenerating
A: cold resistance 1, negative energy resistance 3, torment resistance 2, heat
vulnerability 1, no potions
a: Renounce Religion, Trog's Hand


You were on level 6 of the Dungeon.
You worshipped Trog.
Trog was most pleased with you.
You visited 1 branch of the dungeon, and saw 7 of its levels.

You collected 244 gold pieces.


Innate Abilities, Weirdness & Mutations

You are immune to poison.
Your flesh is cold resistant. (rC+)
You are immune to negative energy. (rN+++)
You are immune to unholy pain and torment.
You are vulnerable to heat. (rF-)
You do not drink.


   Skills:
 - Level 3.0 Fighting
 - Level 3.0 Long Blades
 + Level 2.9 Maces & Flails
 + Level 6.5 Throwing
 + Level 6.5 Armour
 - Level 1.5 Dodging


You had 8 spell levels left.
You didn't know any spells.
Your spell library contained the following spells:

 Spells                   Type           Power      Damage    Failure   Level
 Slow                     Hex            0%         N/A       100%        1
 Confusing Touch          Hex            0%         N/A       100%        3
 Summon Guardian Golem    Hex/Summ       0%         N/A       100%        3
 Petrify                  Tmut/Erth      0%         N/A       100%        4
 Irradiate                Conj/Tmut      0%         3d14      100%        5
 Yara's Violent Unravell  Hex/Tmut       0%         3d3       100%        5
 Orb of Destruction       Conj           0%         N/A       100%        7
 Spellforged Servitor     Conj/Summ      0%         N/A       100%        7
 Sublimation of Blood     Necr           Unusable   N/A       N/A         2

Inventory:

Hand Weapons
 a - a +0 falchion {long}
 j - a +1 hand axe of venom {axe}
   (You found it on level 1 of the Dungeon)
 B - a +2 whip of electrocution (weapon) {mace}
   (You took it off a gnoll on level 5 of the Dungeon)
Missiles
 e - 99 arrows
 f - 4 silver javelins (quivered) {throwing}
 g - 51 bolts
 h - 21 sling bullets
 k - 23 poisoned darts {throwing}
 n - 51 stones {throwing}
 x - 4 javelins {throwing}
 A - 3 boomerangs {throwing}
Armour
 b - a +0 animal skin
 i - a +1 helmet (worn)
   (You found it on level 1 of the Dungeon)
 r - a +0 cloak (worn)
   (You took it off Crazy Yiuf on level 2 of the Dungeon)
 t - a scarf of resistance
   (You found it on level 3 of the Dungeon)
 w - the +8 orange crystal plate armour (worn) {Archmagi, Int+3 Clar, rare=g}
   (You found it on level 4 of the Dungeon)

   Int:       It affects your intelligence (+3).
   Clar:      It protects you against confusion.
 y - a +0 kite shield
   (You found it on level 4 of the Dungeon)
Jewellery
 o - a ring of flight
   (You took it off a goblin on level 2 of the Dungeon)
Wands
 u - a wand of flame (14)
   (You took it off Ijyb on level 3 of the Dungeon)
Scrolls
 c - a scroll of amnesia {unknown}
 d - 2 scrolls of teleportation {@r4}
 l - a scroll of fog
 m - a scroll of immolation {!r!r}
 p - 3 scrolls of fear
 q - a scroll of torment {unknown}
 s - 3 scrolls of identify {unknown}
 v - a scroll of enchant armour {unknown}
 z - 2 scrolls of enchant weapon {unknown}

Dungeon Overview and Level Annotations

Branches:
Dungeon (7/15)             Temple (0/1) D:4

Altars:

Shops:
D:1 =   D:3 [   D:6 =

Annotations:
D:6 Duvessa

#######.##)#........
.........##..........
............).......#
..#......##.........##
. #...#####...........
#... #........... ####
#...........
##...e.∩...##
#....@)......
##....###...# #....# #
#....# #....# ###..#
####


You could see Duvessa (berserk, fast).


Message History

You hit Dowan. Dowan hits you but does no damage.
Duvessa hits you but does no damage.
You hit Dowan. Dowan hits you but does no damage.
Duvessa hits you but does no damage.
You barely miss Dowan. Dowan hits you with a +0 morningstar.
Duvessa hits you with a +0 falchion. 😮 HP[-3]
You take 3 damage, and now have 41/63 hp.
Your orange crystal plate armour prevents you from hitting Dowan.
Dowan completely misses you.
Duvessa hits you but does no damage. 😮 HP[+1]
You whack Dowan!
Dowan points at Duvessa and mumbles some strange words.
Duvessa seems to speed up.
Duvessa hits you with a +0 falchion. 😮 HP[-1]
You take 1 damage, and now have 41/63 hp.
You closely miss Dowan. Duvessa hits you but does no damage.
Dowan hits you but does no damage.
You hit Duvessa. Duvessa hits you with a +0 falchion.
Dowan hits you but does no damage. 😮 HP[-1]
You take 1 damage, and now have 40/63 hp.
You hit Duvessa but do no damage. Duvessa hits you with a +0 falchion.
Duvessa hits you but does no damage.
Dowan says, "Magic and the sword, together, will defeat you."
Dowan hits you with a +0 morningstar!
* * * LOW HITPOINT WARNING * * *
😨 HP[-10]
You take 10 damage, and now have 30/63 hp.
Your skin crawls.
You feel strong-willed. Duvessa hits you but does no damage.
Dowan gestures at you while chanting.
The puff of frost hits you but does no damage. 😨 HP[+1]
You whack Duvessa! Duvessa barely misses you.
Duvessa hits you but does no damage. 😮 HP[+2]
You regained 2 hp, and now have 33/63 hp.
You closely miss Duvessa.
Dowan says, "Magic and the sword, together, will defeat you."
Dowan hits you but does no damage.
Duvessa says, "When magic and the sword combine, nothing stands against them."
Duvessa hits you but does no damage. 😮 HP[+1]
You closely miss Duvessa. Duvessa hits you but does no damage.
Dowan points at you and mumbles some strange words.
The puff of frost hits you but does no damage. 😮 HP[+1]
You hit Duvessa. Duvessa hits you but does no damage.
Dowan points at you and mumbles some strange words.
The puff of flame hits you but does no damage.
Duvessa hits you but does no damage. 😮 HP[+1]
Your orange crystal plate armour prevents you from hitting Duvessa.
Dowan points at you and mumbles some strange words.
The puff of flame hits you but does no damage.
Duvessa hits you but does no damage. 😮 HP[+1]
You hit Dowan.
You kill Dowan!
Trog accepts your kill.
Trog appreciates your killing of a magic user.
Duvessa weeps, then rights herself and shakes her weapon.
Duvessa goes berserk!
Duvessa barely misses you. Duvessa hits you with a +0 falchion!
* * * LOW HITPOINT WARNING * * *
😨 HP[-13]
You take 13 damage, and now have 24/63 hp.
MASSIVE DAMAGE!! (PAUSE)
You hit Duvessa. Duvessa hits you with a +0 falchion.
* * * LOW HITPOINT WARNING * * *
😨 HP[-4]
You take 4 damage, and now have 20/63 hp.
You hit Duvessa. Duvessa hits you with a +0 falchion!!
* * * LOW HITPOINT WARNING * * *
Duvessa hits you with a +0 falchion.
* * * LOW HITPOINT WARNING * * *
😱 HP[-19]
You take 19 damage, and now have 1/63 hp.
MASSIVE DAMAGE!! (PAUSE)
You can't drink.
You can't see any enemies this would affect, really read the scroll of fear?
Okay, then.
Unknown command.
Okay, then.
You can't drink.
Okay, then.
Okay, then.
Press: ? - help, v - describe, . - travel
Here: Duvessa, wielding a +0 falchion and wearing a +0 leather armour (severely wounded, berserk, fast)
The floor, spattered with blood.
Okay, then.
You can't drink.
Okay, then.
You hit Duvessa.
Duvessa hits you but does no damage. 😱 HP[+1] Unknown command.
You whack Duvessa! Duvessa hits you with a +0 falchion!
You die...

Skill      XL: |  1  2  3  4  5  6  7  8 |
---------------+-------------------------+-----
Long Blades    | 3 |  3.0
Throwing       | 1 2 3 4 5 6 |  6.5
Armour         | 2 3 4 5 6 |  6.5
Maces & Flails | 2 |  2.9
Fighting       | |  3.0
Dodging        | |  1.5

Action                   |  1- 3 |  4- 6 |  7- 9 || total
-------------------------+-------+-------+-------++-------
Melee: Falchion          |    59 |       |       ||    59
       Hand axe          |    54 |   191 |    99 ||   344
       Whip              |       |       |   225 ||   225
Throw: Javelin           |       |       |     2 ||     2
Invok: Trog's Hand       |       |     4 |     4 ||     8
Evoke: Wand              |       |     1 |     3 ||     4
  Use: Scroll            |     1 |     1 |     3 ||     5
 Stab: Sleeping          |     1 |       |       ||     1
Armor: Animal skin       |    29 |    45 |       ||    74
       Crystal plate arm |       |    61 |   351 ||   412
Dodge: Dodged            |    91 |   112 |    73 ||   276

Levels and vault maps discovered:
D:1:      dpeg_arrival_rhombus, layout_rooms, chequers_ecumenical_altar_twisty,
          serial_forest, infiniplex_forest_zigzag_1,
          infiniplex_forest_clump_tiny, infiniplex_forest_end_1,
          infiniplex_forest_clump_C, infiniplex_forest_end_2,
          infiniplex_forest_corner_2, infiniplex_forest_clump_curved,
          serial_shops, nicolae_shop_temple_entry_statues_fountains
D:2:      layout_basic, uniq_robin, uniq_crazy_yiuf_cottage
D:3:      minmay_evil_eye, layout_rooms, serial_shops,
          nicolae_shop_temple_entry_statues_fountains, gup_sewer_entry_bubbles,
          minivault_25, uniq_ijyb, uniq_natasha, uniq_terence
D:4:      layout_rooms, minmay_temple_entry_sparse_star, uniq_blork_the_orc
D:5:      layout_rooms, minivault_1
D:6:      layout_basic, serial_shops, nicolae_shop_advertising_works
          [nicolae_subvault_shop_adworks], shop, shop, kennysheep_little_box,
          shop, minmay_puff, uniq_duvessa, uniq_maggie
D:7:      layout_basic, worldfamousw_hep_ancestral_shrine, uniq_pikel

Notes
Turn   | Place    | Note
-------+----------+-------------------------------------------
     0 | D:1      | spaghetti the Mummy Berserker began the quest for the Orb.
     0 | D:1      | Reached XP level 1. HP: 18/18 MP: 1/1
     0 | D:1      | magus.rc [v1.9.6]
   138 | D:1      | Found a faded altar of an unknown god.
   237 | D:1      | Reached XP level 2. HP: 10/24 MP: 2/2
   237 | D:1      | HP: 6/24 [frilled lizard (1)]
   751 | D:1      | Reached skill level 3 in Long Blades
   779 | D:1      | Found Jinkapru's Jewellery Shop.
   885 | D:1      | Reached skill level 1 in Throwing
  1148 | D:1      | Reached ** piety under Trog
  1245 | D:2      | Reached XP level 3. HP: 28/29 MP: 3/3
  1396 | D:2      | Reached skill level 2 in Throwing
  1625 | D:2      | Noticed Robin
  1682 | D:2      | Reached XP level 4. HP: 29/35 MP: 4/4
  1685 | D:2      | Reached skill level 2 in Armour
  1829 | D:2      | Killed Robin
  2235 | D:2      | Found a runed translucent door.
  2236 | D:2      | Noticed Crazy Yiuf
  2255 | D:2      | Killed Crazy Yiuf
  2448 | D:3      | Found Peigaz Xach's Armour Shop.
  2532 | D:3      | Reached XP level 5. HP: 41/41 MP: 5/5
  2535 | D:3      | Noticed Ijyb
  2548 | D:3      | HP: 4/41 [Ijyb/puff of flame (13)]
  2549 | D:3      | Killed Ijyb
  2555 | D:3      | Noticed Terence
  2886 | D:3      | Reached skill level 3 in Throwing
  3143 | D:3      | You pick up a book of Misfortune {forbidden} and begin
                  | reading...
  3143 | D:3      | You add the spells Slow, Confusing Touch and Yara's Violent
                  | Unravelling to your library.
  3255 | D:3      | Killed Terence
  3256 | D:3      | Reached skill level 3 in Armour
  3349 | D:3      | You pick up a book of Dangerous Friends {forbidden} and
                  | begin reading...
  3349 | D:3      | You add the spells Summon Guardian Golem, Orb of
                  | Destruction and Spellforged Servitor to your library.
  3356 | D:3      | Noticed Natasha
  3361 | D:3      | Killed Natasha
  3393 | D:3      | Noticed Natasha
  3400 | D:3      | Killed Natasha
  3465 | D:3      | Noticed Natasha
  3474 | D:3      | Killed Natasha
  3475 | D:3      | Reached XP level 6. HP: 25/47 MP: 6/6
  3987 | D:4      | HP: 10/47 [orc wizard/puff of flame (16)]
  4181 | D:4      | Found the +8 orange crystal plate armour {Archmagi, Int+3
                  | Clar}
  4193 | D:4      | w - the +8 orange crystal plate armour {Archmagi, Int+3
                  | Clar, rare=g}
  4204 | D:4      | You finish putting on the +8 orange crystal plate armour
                  | {Archmagi, Int+3 Clar, rare=g}.
  4233 | D:4      | Noticed Blork the orc
  4347 | D:4      | Reached *** piety under Trog
  4551 | D:4      | Killed Blork the orc
  4552 | D:4      | Reached skill level 4 in Throwing
  4552 | D:4      | Reached skill level 4 in Armour
  4553 | D:4      | Found a staircase to the Ecumenical Temple.
  4571 | D:4      | Reached XP level 7. HP: 32/52 MP: 7/7
  4921 | D:5      | Entered Level 5 of the Dungeon
  5110 | D:5      | Reached skill level 5 in Throwing
  5289 | D:5      | Reached skill level 5 in Armour
  5299 | D:5      | Reached XP level 8. HP: 50/58 MP: 8/8
  6102 | D:5      | HP: 13/58 [ogre (10)]
  6105 | D:5      | HP: 5/58 [ogre (12)]
  6389 | D:6      | Reached skill level 1 in Maces & Flails
  6389 | D:6      | Reached skill level 6 in Throwing
  6408 | D:6      | Reached skill level 6 in Armour
  6658 | D:7      | Reached skill level 2 in Maces & Flails
  6996 | D:6      | HP: 9/58 [gnoll sergeant (7)]
  7005 | D:6      | HP: 5/58 [gnoll sergeant (5)]
  7021 | D:7      | HP: 6/58 [orc warrior (5)]
  7327 | D:6      | You pick up a book of Alchemy {forbidden} and begin
                  | reading...
  7327 | D:6      | You add the spells Petrify and Irradiate to your library.
  7421 | D:6      | Found Bavaimen's Jewellery Emporium.
  7430 | D:6      | Reached XP level 9. HP: 40/63 MP: 9/9
  7481 | D:6      | Noticed Duvessa
  7483 | D:6      | Noticed Dowan
  7507 | D:6      | Killed Dowan
  7509 | D:6      | HP: 4/63 [Duvessa (18)]
  7509 | D:6      | HP: 1/63 [Duvessa (3)]
  7511 | D:6      | Mangled by Duvessa

Vanquished Creatures
  A water moccasin (D:7)
  2 orc warriors
  A sky beast (D:6)
  A necrophage (D:5)
  3 ogres
  A centaur (D:4)
  Blork the orc (D:4)
  A bullfrog (D:6)
  3 scorpions (D:5)
  A gnoll sergeant (D:6)
  A water moccasin zombie (D:5)
  Dowan (D:6)
  A hound (D:5)
  2 orc priests (D:5)
  Crazy Yiuf (D:2)
  3 iguanas (D:5)
  A jelly (D:4)
  A bullfrog skeleton (D:6)
  3 orc wizards
  Ijyb (D:3)
  Natasha (thrice) (D:3)
  Terence (D:3)
  A howler monkey zombie (D:6)
  Robin (D:2)
  10 adders
  8 gnolls
  A river rat (D:3)
  An ufetubus (D:6)
  An adder skeleton (D:4)
  2 worms
  3 dart slugs
  16 orcs
  4 endoplasms
  4 giant cockroaches
  18 goblins
  6 hobgoblins
  7 jackals
  2 quokkas
  7 ball pythons
  4 bats
  6 frilled lizards
  5 kobolds
  6 rats
147 creatures vanquished.

Vanquished Creatures (others)
  A fungus (D:2)
  2 plants (D:1)
3 creatures vanquished.

Grand Total: 150 creatures vanquished

Table legend:
 A = Non-vault XP
 B = Vault XP
 C = Vault XP percentage of total XP
 D = Non-vault monster count
 E = Vault monster count
 F = Vault count percentage of total count
                 A         B        C        D         E       F
            +---------+---------+-------+---------+---------+-------
      Total |    2532 |     410 |  13.9 |     121 |      26 |  17.7
            +---------+---------+-------+---------+---------+-------
        D:1 |      39 |       0 |   0.0 |      23 |       0 |   0.0
        D:2 |      62 |      72 |  53.7 |      19 |      12 |  38.7
        D:3 |     102 |     175 |  63.2 |      15 |      12 |  44.4
        D:4 |     238 |      96 |  28.7 |      18 |       1 |   5.3
        D:5 |    1213 |       0 |   0.0 |      27 |       0 |   0.0
        D:6 |     578 |      67 |  10.4 |      13 |       1 |   7.1
        D:7 |     300 |       0 |   0.0 |       6 |       0 |   0.0
            +---------+---------+-------+---------+---------+-------

Illustrated notes

Table legend:
 A = Kills in this place as a percentage of kills in entire the game.
 B = Kills by you in this place as a percentage of kills by you in the entire game.
 C = Kills by friends in this place as a percentage of kills by friends in the entire game.
 D = Other kills in this place as a percentage of other kills in the entire game.
 E = Experience gained in this place as a percentage of experience gained in the entire game.
 F = Experience gained in this place divided by the number of levels of this place that you have seen.
                   A       B       C       D       E      F
               +-------+-------+-------+-------+-------+----------------------
         Total | 100.0 | 100.0 |   N/A |   N/A | 100.0 | 420.3
       Dungeon | 100.0 | 100.0 |   N/A |   N/A | 100.0 | 420.3
               +-------+-------+-------+-------+-------+----------------------

Table legend: (Time is in decaauts)
 A = Elapsed time spent in this place.
 B = Non-inter-level travel time spent in this place.
 C = Inter-level travel time spent in this place.
 D = Time resting spent in this place.
 E = Time spent auto-exploring this place.
 F = Levels seen in this place.
 G = Mean time per level.
                   A        B        C        D        E       F      G
               +--------+--------+--------+--------+--------+-----+--------+
         Total |   7662 |   7465 |    197 |   3035 |   2867 |   7 | 1094.6 |
       Dungeon |   7662 |   7465 |    197 |   3035 |   2867 |   7 | 1094.6 |
               +--------+--------+--------+--------+--------+-----+--------+

Top non-repeatable levels by time:
     D:3: 1669 daAuts
     D:5: 1472 daAuts
     D:1: 1228 daAuts
     D:2: 1163 daAuts
     D:4: 976 daAuts
     D:6: 769 daAuts
     D:7: 382 daAuts
